[Event "*** Titled Tuesday Blitz"]
[Site "Chess.com"]
[Date "2020.11.24"]
[Round "11"]
[White "IgorBjelobrk"]
[Black "WildTricks"]
[Result "1/2-1/2"]
[WhiteElo "2663"]
[BlackElo "2453"]
[TimeControl "180+1"]
[EndTime "12:26:14 PST"]
[Termination "Game drawn by repetition"]

1. c4 g6 2. g3 Bg7 3. Bg2 c5 4. Nc3 Nc6 5. Nf3 e6 6. h4 h6 7. d4 cxd4 8. Nb5 e5 9. O-O d6 10. e3 a6 11. Na3 dxe3 12. Bxe3 Nge7 13. Qd2 Nf5 14. Rad1 O-O 15. Nc2 Be6 16. b3 Qc7 17.
Nh2 Rfd8 18. Ng4 Kh7 19. Nh2 Rac8 20. Be4 Rd7 21. h5 b5 22. hxg6+ fxg6 23. g4 Nh4 24. Qd3 bxc4 25. bxc4 Na5 26. Na3 Bxc4 27. Nxc4 Qxc4 28. Qb1 Qb5 29. Qa1 Nc4 30. Rb1 Qa4 31. Rfc1 Rdc7 32. Bc2 Qa3 33. Bb3 Nxe3 34. Rxc7 Rxc7 35. fxe3 Qc5 36.
Re1 Qc3 37. Qd1 g5 38. Nf1 Qxe1 39. Qxe1 Nf3+ 40. Kf2 Nxe1 41. Kxe1 Kg6 42. Ke2 Kf6 43. Ng3 Rc5 44. Ne4+ Ke7 45. Nxc5 dxc5 46. Kd3 Kd6 47.
Ke4 a5 48. Bc4 Kc6 49. a4 Kb6 50. Bb5 Kc7 51. Kd5 Kb6 52. Kc4 Bf8 53. Kd5 Bg7 54.
e4 Bh8 55. Bc4 Bg7 56. Ke6 Kc6 57. Kf7 Bh8 58. Kg6 Kd6 59. Kxh6 Bf6 60. Kg6 Bd8 61.
Kf7 Bb6 62. Kf6 Bd8+ 63. Kf7 Be7 64. Ke8 Bf6 65. Kf7 Be7 66. Ke8 Bf6 67. Kf8 Bd8 68. Kg7 Ke7 69. Kg6 Kd6 70. Kf5 Be7 71. Bd5 Bd8 72. Kg6 Be7 73. Kh6 Bd8 74. Kg7 Be7 75.
Bc4 Bd8 76. Kf7 1/2-1/2

[Event "*** Titled Tuesday Blitz"]
[Site "Chess.com"]
[Date "2020.11.24"]
[Round "11"]
[White "dopolian"]
[Black "korbul"]
[Result "1-0"]
[WhiteElo "2433"]
[BlackElo "2534"]
[TimeControl "180+1"]
[EndTime "12:26:14 PST"]
[Termination "dopolian won by checkmate"]

1. Nf3 d5 2. c4 e6 3. b3 Nf6 4. Bb2 Be7 5. g3 O-O 6. Bg2 c6 7. O-O Nbd7 8. d4 b6 9. Nbd2 Bb7 10. Qc2 c5 11. Rac1 Rc8 12. Qb1 dxc4 13. Nxc4 Qc7 14.
dxc5 bxc5 15. Rfd1 Be4 16. Qa1 Nb6 17. Ne3 Qb7 18. Ne5 Bxg2 19. Nxg2 Nbd5 20. Nc4 Nb4 21. Nd6 Bxd6 22. Bxf6 gxf6 23. Rxd6 Qe7 24. Rd2 Rfd8 25.
Rcd1 Rxd2 26. Rxd2 Rd8 27. Qc3 Rxd2 28. Qxd2 f5 29.
Ne3 Nc6 30. Nc4 Qf6 31. Qb2 Nd4 32. e3 Nf3+ 33. Kg2 Ne1+ 34. Kf1 Qxb2 35. Nxb2 Nc2 36. Nd3 Kg7 37. Nxc5 Nb4 38. a4 Kg6 39. Ke2 Kg5 40.
h3 h5 41. h4+ Kg4 42. Nd7 Kh3 43. Nf6 e5 44. Nxh5 Nd5 45. Ng7 Kg4 46. Ne8 e4 47.
Nd6 f6 48. Nf7 a5 49. Nh6+ Kh5 50. Nxf5 Nc3+ 51. Kf1 Nb1 52. Kg2 Nd2 53. Nd4 Kg4 54. Kg1 f5 55. Kg2 Nb1 56. Nc6 Nd2 57. Nxa5 Nf3 58. Nc4 Ne1+ 59. Kf1 Nd3 60. a5 Nb4 61. Ne5+ Kh5 62. Nd7 Na6 63. b4 Nxb4 64. Nc5 Nc6 65. a6 Kg4 66. Ke2 Na7 67. Nd7 Kh5 68. Kd2 Nb5 69.
Kc2 Nc7 70. a7 Na8 71. Kc3 Kg4 72. Ne5+ Kh5 73. Kd4 f4 74. exf4 Kh6 75. Kxe4 Kg7 76. h5 Kf6 77. g4 Ke6 78. g5 Ke7 79. f5 Nb6 80. f6+ Ke6 81. f7 Ke7 82. f8=Q+ Kxf8 83. Nd7+ Nxd7 84. a8=Q+ Ke7 85. Qb7 Ke6 86. Qxd7+ Kxd7 87. h6 Ke6 88. h7 Kf7 89. h8=Q Kg6 90. Qf6+ Kh7 91.
g6+ Kh6 92. g7+ Kh5 93. Qf7+ Kg4 94. g8=Q+ Kh3 95. Qfh7# 1-0

[Event "*** Titled Tuesday Blitz"]
[Site "Chess.com"]
[Date "2020.11.24"]
[Round "11"]
[White "xberli"]
[Black "JoachimMouhamad"]
[Result "1-0"]
[WhiteElo "2594"]
[BlackElo "2475"]
[TimeControl "180+1"]
[EndTime "12:26:15 PST"]
[Termination "xberli won on time"]

1. d4 Nf6 2. c4 g6 3. Nc3 d5 4. Nf3 Bg7 5. h4 h6 6. h5 g5 7. cxd5 Nxd5 8. e4 Nxc3 9. bxc3 c5 10. Be3 Qa5 11. Qd2 Nc6 12. Rc1 cxd4 13. cxd4 Qxd2+ 14. Kxd2 g4 15. d5 gxf3 16. dxc6 bxc6 17. gxf3 O-O 18. Bc4 Rb8 19. Bb3 Be6 20. Bxe6 fxe6 21. Rc2 Rxf3 22. Ke2 Rff8 23. Rhc1 Rb4 24. Rc4 Rb5 25.
Rxc6 Rxh5 26. Rxe6 Ra5 27. Rc2 h5 28. Rxe7 h4 29. f4 h3 30. Kf3 Ra3 31. Rd7 Rf7 32.
Rd5 Bh6 33. Rf5 Rxf5 34. exf5 Bg7 35. Ke4 Ra4+ 36. Kd5 Ra5+ 37. Ke6 Ra6+ 38. Kd5 Ra5+ 39.
Ke6 Ra6+ 40. Kd7 Ra3 41. Bc5 Rd3+ 42. Ke6 Bh6 43. f6 Kh7 44. f7 Rg3 45. Rh2 Rg6+ 46. Kf5 Rg3 47. f8=Q Bxf8 48. Bxf8 Kg8 49. Be7 Kf7 50.
Bg5 Ra3 51. Kg4 Ke6 52. Rxh3 Rxa2 53. Rh7 a5 54. Re7+ Kd6 55. Re5 Rg2+ 56. Kf5 a4 57. Ra5 Ra2 58. Kg6 a3 59. f5 Kc6 60. f6 Kb6 61.
Ra4 Kb5 62. Ra8 Kb4 63. f7 Rf2 64. Bf6 a2 65. Rxa2 Rxa2 66. f8=Q+ Kb3 67. Qf7+ Ka3 68.
Be7+ Kb2 69. Qc4 Kb1 70. Bf6 Rc2 71. Qd3 Kc1 72. Qe3+ Kd1 73. Qf3+ Kd2 74. Bd4 Kc1 75. Qe3+ Kb1 76. Kf5 1-0

[Event "*** Titled Tuesday Blitz"]
[Site "Chess.com"]
[Date "2020.11.24"]
[Round "11"]
[White "Nadeev_Sergey"]
[Black "Hercog"]
[Result "1-0"]
[WhiteElo "2467"]
[BlackElo "2292"]
[TimeControl "180+1"]
[EndTime "12:26:15 PST"]
[Termination "Nadeev_Sergey won on time"]

1. d4 Nf6 2. Bf4 c5 3. c3 d6 4.
dxc5 dxc5 5. Qxd8+ Kxd8 6. Na3 Bd7 7. Nf3 Nc6 8. O-O-O h6 9. Nc4 g5 10. Be3 b6 11. Nfe5 Nxe5 12. Nxe5 Ke8 13. Nxd7 Nxd7 14. h4 g4 15. g3 Rc8 16. Bg2 e6 17. Bf4 Be7 18.
e4 Nf6 19. Rhe1 h5 20. c4 Nd7 21. e5 Rg8 22. Bb7 Rc7 23. Ba6 Nb8 24. Bb5+ Kf8 25.
Bh6+ Rg7 26. Re3 Kg8 27. Bxg7 Kxg7 28. Kc2 Kf8 29. f3 gxf3 30. Rxf3 Kg7 31. Rdf1 Bd8 32. Kd3 a6 33. Ba4 Rb7 34. Ke4 b5 35. cxb5 axb5 36.
Bd1 Nc6 37. R3f2 Kg6 38. g4 hxg4 39. Bxg4 Rd7 40. Rg2 Rd4+ 41. Ke3 Nxe5 42. Bxe6+ Kh6 43. Bxf7 Bxh4 44. Rh1 Nxf7 45. Rgh2 Kh5 46. a3 Ne5 47. Rh3 Ng4+ 48. Ke2 Re4+ 49. Kd2 Nf2 50. R3h2 Nxh1 51. Rxh1 Rf4 52. Rc1 Rf2+ 53. Kd3 Rxb2 54. Rxc5+ Bg5 55.
Kc3 Rb1 56. Kc2 Ra1 57. Kb2 Re1 58. Rxb5 Kg6 59. a4 Bc1+ 60. Kb3 Bg5 61. a5 Ra1 62. Kb2 Re1 63. a6 Be3 64. Rb7 1-0

[Event "*** Titled Tuesday Blitz"]
[Site "Chess.com"]
[Date "2020.11.24"]
[Round "11"]
[White "xamax2000"]
[Black "Aradej"]
[Result "1/2-1/2"]
[WhiteElo "2640"]
[BlackElo "2473"]
[TimeControl "180+1"]
[EndTime "12:26:16 PST"]
[Termination "Game drawn by repetition"]

1. e4 d6 2. d4 Nf6 3. Bd3 e5 4. c3 Nc6 5. Nf3 Bg4 6. d5 Nb8 7. h3 Bc8 8. c4 Be7 9. Nc3 O-O 10. Be3 a5 11. c5 c6 12. O-O cxd5 13. exd5 Na6 14. Re1 h6 15. Rc1 Nxc5 16. Bxc5 dxc5 17.
Nxe5 Bd6 18. Nc4 Re8 19. Qf3 Bf8 20. Nb5 Bd7 21. Rxe8 Bxe8 22. Nc3 b5 23. Ne5 c4 24. Be4 Bd6 25. Nc6 Qb6 26. Rd1 Bd7 27. Bf5 Bxf5 28. Qxf5 Re8 29. Kf1 b4 30. Ne2 Qc5 31. Ned4 Bf8 32.
Qf3 Nxd5 33. Nf5 Nf6 34. Ncd4 c3 35. bxc3 bxc3 36. Rc1 Qc4+ 37. Kg1 Nd5 38. Kh2 Qxa2 39. Rc2 Qc4 40. Qg4 g6 41. h4 h5 42. Qg5 Qc7+ 43. g3 Qe5 44. Ra2 Qf6 45. Qxf6 Nxf6 46. Ne3 Bb4 47. Ndc2 Ne4 48. Kg2 Nc5 49. Kf1 Nd3 50. Ra1 Rc8 51. Ke2 Ne5 52. Nd5 Kg7 53. Ncxb4 axb4 54. Nxb4 Ng4 55. Nc2 Re8+ 56. Kf1 Rd8 57. Ne3 Rd2 58.
Nxg4 hxg4 59. Rc1 Rd3 60. Ke2 Rf3 61. Rd1 Kf6 62. Rd3 Ke5 63. Rxf3 gxf3+ 64. Kd3 c2 65. Kxc2 Kd4 66. Kd2 f5 67. Kc2 Kc4 68. Kd2 Kd4 69. Kc2 Kc4 70. Kd2 Kd4 1/2-1/2

[Event "*** Titled Tuesday Blitz"]
[Site "Chess.com"]
[Date "2020.11.24"]
[Round "11"]
[White "Das_Virus_2020"]
[Black "A-S-00"]
[Result "0-1"]
[WhiteElo "2453"]
[BlackElo "2312"]
[TimeControl "180+1"]
[EndTime "12:26:16 PST"]
[Termination "A-S-00 won on time"]

1. e4 c5 2. Nc3 e6 3. f4 Nc6 4. Nf3 g6 5. Bc4 Bg7 6. f5 Nge7 7. fxe6 dxe6 8. d3 O-O 9. O-O a6 10. a4 Rb8 11. Qe1 b6 12. Qh4 Nb4 13. Bb3 Bb7 14. Bh6 Nec6 15. Ng5 Qd4+ 16. Rf2 Bxh6 17. Qxh6 Qg7 18.
Qxg7+ Kxg7 19. Raf1 Ne5 20. Bxe6 f6 21. Nf3 Nbc6 22.
Bd5 Nxf3+ 23. Rxf3 Nd4 24. R3f2 Bc8 25. Nd1 Bd7 26. c3 Nc6 27. Bb3 Ne5 28. Rd2 c4 29. dxc4 Bc6 30. Ne3 Bxe4 31. Nd5 Bxd5 32. cxd5 Rbd8 33.
Rfd1 Rd6 34. h3 Re8 35. Ba2 b5 36. axb5 axb5 37. Bb3 Ra8 38. Rd4 Kf7 39. Rb4 Rb8 40. Kf2 Ke7 41. c4 Ra8 42. c5 Rdd8 43. d6+ Kd7 44. Rxb5 Kc6 45. Rb4 Kxc5 46. Rbd4 Rab8 47.
Rd5+ Kc6 48. Ba4+ Kb7 49. b3 Ka7 50. R1d2 Rb6 51. d7 Rb7 52. Rd6 Kb8 53. Rxf6 Nxd7 54. Rfd6 Rf8+ 55. Kg3 Nc5 56. Rd8+ Rxd8 57. Rxd8+ Kc7 58.
Rd5 Nxa4 59. bxa4 Rb3+ 60. Kf2 Kc6 61. Rd4 Rb2+ 62. Kg3 Ra2 0-1

[Event "*** Titled Tuesday Blitz"]
[Site "Chess.com"]
[Date "2020.11.24"]
[Round "11"]
[White "kleopl"]
[Black "Gusarov91"]
[Result "0-1"]
[WhiteElo "2517"]
[BlackElo "2664"]
[TimeControl "180+1"]
[EndTime "12:26:20 PST"]
[Termination "Gusarov91 won on time"]

1. e4 c5 2. Nf3 d6 3. Nc3 a6 4.
d4 cxd4 5. Nxd4 Nf6 6. f3 e5 7.
Nb3 Be7 8. Be3 O-O 9. Qd2 Be6 10. g4 Nbd7 11. O-O-O Nb6 12. Kb1 Rc8 13. h4 Nc4 14.
Bxc4 Rxc4 15. h5 b5 16. g5 Nd7 17. Rdg1 Nc5 18. Nxc5 dxc5 19. g6 Qxd2 20. Bxd2 Rd4 21. Be3 Rd7 22. Rg3 fxg6 23. hxg6 h6 24. Kc1 c4 25. a3 b4 26. axb4 Bxb4 27. Na4 c3 28. Nxc3 Bxc3 29. bxc3 Rc8 30. Rd1 Rxc3 31. Rxd7 Bxd7 32. Kd2 Rc6 33. f4 exf4 34. Bxf4 Be8 35.
Be5 Bxg6 36. Bd4 Kh7 37. Re3 a5 38. c3 a4 39. Kc1 Bf7 40. Kb2 Be6 41. Ka3 Ra6 42.
e5 g5 43. Rf3 g4 44. Rf6 h5 45. Bf2 Rc6 46. Kxa4 Rc4+ 47. Kb5 Bd5 48. Rd6 Bg8 49.
Bd4 Rc8 50. e6 Re8 51. Rd7+ Kh6 52. e7 g3 53. Be3+ Kg6 54. Kc6 h4 55. Kd6 h3 56.
Rd8 Bf7 57. Kd7 h2 58. Rxe8 h1=Q 59. Rg8+ Kf6 60. Bd4+ Kf5 61. Rf8 Qd5+ 62. Kc7 Kg6 63. e8=Q Bxe8 64. Rxe8 g2 65. Re7 Qc4+ 66. Kd7 Qxd4+ 67.
cxd4 g1=Q 68. d5 Qa7+ 69. Ke6 Qa2 0-1

[Event "*** Titled Tuesday Blitz"]
[Site "Chess.com"]
[Date "2020.11.24"]
[Round "11"]
[White "cstevens1"]
[Black "DoHoChess"]
[Result "1-0"]
[WhiteElo "2599"]
[BlackElo "2680"]
[TimeControl "180+1"]
[EndTime "12:26:22 PST"]
[Termination "cstevens1 won by resignation"]

1. e4 e5 2. Nf3 Nc6 3. Bb5 a6 4. Ba4 b5 5. Bb3 Na5 6. O-O d6 7. d4 exd4 8. c3 Nxb3 9. axb3 dxc3 10. Nxc3 Bb7 11. Nd5 c6 12. Ne3 Nf6 13. Nf5 g6 14.
Nh6 Bg7 15. Re1 Kf8 16. Bf4 Ne8 17. e5 dxe5 18. Nxe5 Bxe5 19. Bxe5 f6 20. Bd4 Qd5 21. Qe2 Qd6 22. b4 Kg7 23. Bc5 Qc7 24. Ng4 Nd6 25.
Qe7+ Qxe7 26. Rxe7+ Nf7 27. Rxb7 Rhe8 28. Ne3 f5 29.
Rc7 f4 30. Ng4 a5 31. Bd4+ Kf8 32. Nf6 Re6 33. Nxh7+ Kg8 34. Nf6+ Kf8 35. Nd7+ Kg8 36. Nc5 Rd6 37. Bc3 Rad8 38. Kf1 axb4 39. Bxb4 Rd4 40.
Bc3 R4d5 41. Ne6 Re8 42. Rxc6 b4 43. Bxb4 Ne5 44. Bc3 Nxc6 45. Nxf4 Rf5 46. Nxg6 Re6 47. Nh4 Rd5 48. Nf3 Red6 49. g3 Rd1+ 50. Rxd1 Rxd1+ 51. Kg2 Rd7 52. h4 Ne7 53. g4 Nd5 54. Kg3 Nxc3 55. bxc3 Rc7 56. h5 Rxc3 57. g5 Kg7 58. Kg4 Rc4+ 59. Kf5 Rc2 60. h6+ Kh7 61. Ne5 Rxf2+ 62. Kg4 Rf8 63. Nf3 Kg6 64. Nh4+ Kh7 65. Kh5 Rc8 66. g6+ Kg8 67. Kg5 Rc5+ 68. Nf5 Rc7 69. Kf6 Rc6+ 70. Kg5 Rc7 71. Kf4 Rc4+ 72. Ke5 Rc5+ 73.
Kf6 Rc7 74. Ne7+ 1-0

[Event "*** Titled Tuesday Blitz"]
[Site "Chess.com"]
[Date "2020.11.24"]
[Round "11"]
[White "Xeniya2005"]
[Black "dpopadic"]
[Result "0-1"]
[WhiteElo "2422"]
[BlackElo "2342"]
[TimeControl "180+1"]
[EndTime "12:26:25 PST"]
[Termination "dpopadic won on time"]

1. e4 c5 2. Nf3 Nc6 3. Bb5 d6 4. O-O Bd7 5. Re1 Nf6 6. c3 a6 7. Bf1 Bg4 8. h3 Bxf3 9. Qxf3 g6 10. d3 Bg7 11. Be3 O-O 12. Nd2 b5 13. Qd1 Nd7 14.
f4 b4 15. Rc1 a5 16. Nf3 Rb8 17. d4 bxc3 18. bxc3 Qb6 19. e5 dxe5 20. fxe5 e6 21. Qe2 Ne7 22. Bf2 Nd5 23. Qe4 Rbc8 24. c4 Nb4 25. d5 Nxa2 26. Rb1 Nb4 27. Qh4 a4 28. Ng5 h6 29. Nf3 a3 30. Be3 a2 31.
Rbc1 exd5 32. Bxh6 Rfe8 33. Bxg7 Kxg7 34. Ng5 Nf8 35. Qf4 Re7 36. e6 f6 37. cxd5 Nxd5 38. Qc4 Nb4 39. Qc3 Qd6 40. Bc4 Qd4+ 41. Qxd4 cxd4 42. Nf3 a1=Q 43. Rxa1 Rxc4 44. Ra4 Rxe6 45. Rb1 Rb6 46. Nd2 Rc2 47. Ne4 d3 48. Raxb4 Rxb4 49. Rxb4 d2 50. Rb7+ Kh6 51. Nxd2 Rxd2 52. Rf7 Nh7 53.
Kh2 f5 54. h4 Rd4 55. g3 Rd8 56. Kh3 Rf8 57. Rc7 Nf6 58. Rc6 Ng4 59. Rc2 Re8 60. Rb2 Re3 61. Kg2 Rd3 62. Ra2 Ne5 63. Rc2 Kh5 64. Ra2 Ng4 65. Rb2 Ne3+ 66. Kh2 Nd5 67. Kg2 Kg4 0-1

[Event "*** Titled Tuesday Blitz"]
[Site "Chess.com"]
[Date "2020.11.24"]
[Round "11"]
[White "CM_rui"]
[Black "KononenkoD"]
[Result "0-1"]
[WhiteElo "2362"]
[BlackElo "2487"]
[TimeControl "180+1"]
[EndTime "12:26:27 PST"]
[Termination "KononenkoD won by checkmate"]

1. e4 c6 2. d4 d5 3. Nc3 dxe4 4. Nxe4 Bf5 5. Nc5 e5 6. Nxb7 Qxd4 7. Qxd4 exd4 8. Nf3 c5 9. Bb5+ Bd7 10. Bxd7+ Nxd7 11.
O-O f6 12. Bf4 Kf7 13. Rfe1 Nh6 14. Nd6+ Bxd6 15. Bxd6 Nf5 16. Bf4 g5 17. Bc7 Rac8 18.
Ba5 Rhe8 19. Nd2 Nd6 20. Rad1 Ne5 21. b3 Nc6 22. Rxe8 Kxe8 23. b4 cxb4 24. Nb3 Nb7 25.
Nxd4 Nxd4 26. Rxd4 Nxa5 27. Rxb4 Rxc2 28. h4 Rxa2 29.
hxg5 fxg5 30. Rb5 h6 31. Rb8+ Kf7 32. Rd8 Nc4 33. g4 a5 34. Kg2 Rd2 35. Rh8 Kg7 36. Ra8 Rd5 37. Ra7+ Kg6 38. Ra6+ Nd6 39. Kf3 Kf6 40.
Ke3 Ke6 41. f4 gxf4+ 42. Kxf4 Rb5 43. Ra8 Rb4+ 44. Kg3 a4 45. Rh8 Nf7 46. Re8+ Kf6 47. Ra8 Rb3+ 48. Kf4 a3 49. Ra6+ Ke7 50. Kf5 Rf3+ 51.
Ke4 Rb3 52. Kd5 Rg3 53. Re6+ Kf8 54. Ra6 Kg7 55. Ke6 Rxg4 56. Rxa3 Rf4 57. Ra1 Kg6 58.
Rg1+ Ng5+ 59. Ke5 Rf8 60. Kd4 Re8 61. Ra1 h5 62. Ra6+ Re6 63. Ra5 h4 64. Ra1 h3 65.
Rh1 Kh5 66. Kd5 Re8 67. Kd4 Kh4 68. Kd3 Nf3 69. Kc2 Kg3 70. Kd3 h2 71. Ra1 Ng1 72. Ra7 h1=Q 73. Rg7+ Kf2 74. Rf7+ Nf3 75. Kc4 Qc1+ 76. Kd5 Rd8+ 77. Ke6 Qe3+ 78. Kf5 Qe5+ 79. Kg6 Qg5+ 80. Kh7 Qh4+ 81. Kg7 Qh8+ 82. Kg6 Rg8+ 83. Kf5 Qe5# 0-1

[Event "*** Titled Tuesday Blitz"]
[Site "Chess.com"]
[Date "2020.11.24"]
[Round "11"]
[White "Chessdreamer2020"]
[Black "mbojan"]
[Result "1-0"]
[WhiteElo "2538"]
[BlackElo "2669"]
[TimeControl "180+1"]
[EndTime "12:26:31 PST"]
[Termination "Chessdreamer2020 won by checkmate"]

1. e4 c6 2. Nc3 d5 3. Nf3 dxe4 4.
Nxe4 Nf6 5. Qe2 Nxe4 6. Qxe4 Nd7 7. Bc4 Nf6 8. Ne5 e6 9. Qe2 Bd6 10. c3 Qc7 11. d4 O-O 12. O-O c5 13. Bd3 b6 14. Bg5 Bb7 15. Bxf6 gxf6 16. Qh5 f5 17. Qg5+ Kh8 18. Qf6+ Kg8 19. Qg5+ Kh8 20. Qf6+ Kg8 21. Ng4 Bf4 22. Nh6+ Bxh6 23. Qxh6 Qe7 24. Rfe1 Kh8 25. Re3 Rg8 26. Rg3 Rxg3 27. hxg3 Rg8 28. Re1 Rg6 29. Qh5 cxd4 30. Bxf5 Rg7 31. cxd4 Qf6 32. Be4 Bxe4 33. Rxe4 Rg5 34. Qd1 Rd5 35. Qd3 Qg6 36.
Qf3 h6 37. g4 Rg5 38. g3 Kg7 39. Kg2 Rd5 40. Qe3 Qg5 41. Qxg5+ hxg5 42. Kf3 Kf6 43. Ke3 Ra5 44. a3 Rb5 45. b4 a5 46.
Kd3 axb4 47. Kc4 Ra5 48. axb4 Ra2 49. f4 Rg2 50. Re3 Rf2 51. fxg5+ Kxg5 52. Kb5 Rb2 53. Re4 Rb1 54. Rf4 f6 55. Re4 e5 56.
dxe5 fxe5 57. Rxe5+ Kxg4 58. Re6 Kxg3 59. Rxb6 Kf4 60.
Re6 Kf5 61. Re2 Kf6 62. Kc5 Rc1+ 63. Kb6 Rc8 64. b5 Rb8+ 65. Kc6 Rc8+ 66. Kb7 Rc1 67. b6 Rb1 68. Kc7 Rc1+ 69. Kb8 Rb1 70. b7 Rb3 71. Ra2 Ke7 72. Ka8 Kd7 73. b8=Q Rd3 74. Qb7+ Kd6 75. Ra6+ Kc5 76. Qc7+ Kb5 77. Rb6+ Ka5 78. Qa7# 1-0

[Event "*** Titled Tuesday Blitz"]
[Site "Chess.com"]
[Date "2020.11.24"]
[Round "11"]
[White "temus_galaktionov"]
[Black "AlexSuv"]
[Result "1/2-1/2"]
[WhiteElo "2675"]
[BlackElo "2529"]
[TimeControl "180+1"]
[EndTime "12:26:37 PST"]
[Termination "Game drawn - insufficient material"]

1. d4 Nf6 2. Nf3 e6 3. c4 d5 4. Nc3 Bb4 5. cxd5 exd5 6. Bg5 h6 7. Bxf6 Qxf6 8. e3 O-O 9. Bd3 c6 10. O-O Bg4 11. h3 Bxf3 12. Qxf3 Qxf3 13. gxf3 Nd7 14. Kg2 g6 15. Rg1 Nf6 16. f4 c5 17.
Kf3 cxd4 18. exd4 Bxc3 19. bxc3 Rac8 20. Rac1 Rfe8 21. f5 g5 22. h4 g4+ 23. Kf4 Kh7 24. f3 gxf3 25. Kxf3 Ne4 26. c4 Nd2+ 27. Kf4 dxc4 28.
Bc2 Rcd8 29. f6+ Kh8 30. Rg7 Rxd4+ 31. Kg3 Re3+ 32. Kf2 Rf3+ 33. Ke2 Rxf6 34. Rcg1 Re6+ 35. Kf2 Rf4+ 36. Kg3 Kxg7 37. Kxf4+ Kf6 38. Rg8 b5 39. Rb8 a6 40. Rh8 Ke7 41. Rb8 c3 42.
Rb7+ Kf6 43. a4 bxa4 44. Rc7 Nb3 45. Rxc3 Nd4 46. Bd3 Rb6 47. Rc4 Ne6+ 48. Ke3 a3 49. Kd2 Rb3 50. Bc2 Rb2 51. Kc3 a5 52. Ra4 Rb4 53. Rxa3 Rxh4 54. Rxa5 Rh3+ 55. Kd2 h5 56. Rf5+ Ke7 57. Be4 Rh2+ 58. Ke3 h4 59. Rh5 h3 60. Bf5 Kf6 61. Rxh3 Rxh3+ 62. Bxh3 Ng5 63. Bg2 Ke5 64. Bf1 f5 65. Kf2 f4 66. Be2 Ne4+ 67. Kf3 Nc3 68.
Bd3 Nd5 69. Be2 Nf6 70. Bd1 Nh7 71. Be2 Ng5+ 72. Kf2 Ke4 73. Bd1 Nh3+ 74. Kg2 Ng5 75. Kf2 Kf5 76. Bc2+ Kg4 77. Bd1+ f3 78. Bxf3+ 1/2-1/2

[Event "*** Titled Tuesday Blitz"]
[Site "Chess.com"]
[Date "2020.11.24"]
[Round "11"]
[White "Chessalary"]
[Black "Isajevsky_Anton"]
[Result "0-1"]
[WhiteElo "2421"]
[BlackElo "2573"]
[TimeControl "180+1"]
[EndTime "12:26:39 PST"]
[Termination "Isajevsky_Anton won by checkmate"]

1. e4 c5 2. Nf3 d6 3. d4 cxd4 4. Nxd4 Nf6 5. Nc3 a6 6. Bc4 e6 7.
Bb3 Nbd7 8. O-O Nc5 9. Bg5 Be7 10.
Qe2 O-O 11. Kh1 Qc7 12. f4 b5 13. f5 b4 14. fxe6 fxe6 15. Na4 Nxb3 16. axb3 e5 17. Nf5 Bxf5 18. Rxf5 Rac8 19. c3 a5 20. Raf1 Rf7 21. Be3 Qb7 22. Nb6 Rcf8 23. Nd5 Nxd5 24.
Rxf7 Rxf7 25. Rxf7 Kxf7 26. Qc4 bxc3 27. bxc3 Ke6 28. h3 Bf6 29. exd5+ Qxd5 30. Qc8+ Ke7 31.
Qc7+ Ke6 32. Qc8+ Kf7 33. Qd7+ Kg6 34. Qg4+ Kf7 35. Qd7+ Be7 36. Qf5+ Ke8 37. Qxh7 Bf6 38. Qg6+ Kd7 39. Qf5+ Kc7 40. c4 Qd1+ 41. Kh2 Qxb3 42. Qe4 Qb7 43. Qd3 e4 44. Qd2 Be5+ 45. Bf4 Bxf4+ 46.
Qxf4 Qc6 47. Qf7+ Kb6 48. Qxg7 Qxc4 49. Qb2+ Qb4 50. Qe2 a4 51. h4 a3 52. h5 Qb2 53.
Qe3+ Kc7 54. Qxe4 a2 55. Qe7+ Kb6 56. Qxd6+ Ka5 57. Qc5+ Ka4 58. Qc4+ Ka3 59. Qa6+ Kb3 60. Qb5+ Kc2 61. Qc4+ Kb1 62. Qf1+ Qc1 63. Qb5+ Kc2 64. Qc4+ Kb2 65. Qb4+ Ka1 66. g4 Qb2+ 67. Qxb2+ Kxb2 68. h6 a1=Q 69. h7 Kc2 70. h8=Q Qxh8+ 71. Kg3 Qg7 72. Kf4 Kc3 73. g5 Kc4 74. Kf5 Kd5 75. g6 Kd6 76. Kg5 Ke5 77. Kh5 Kf5 78. Kh4 Qxg6 79.
Kh3 Kf4 80. Kh2 Kf3 81. Kh1 Qg2# 0-1

[Event "*** Titled Tuesday Blitz"]
[Site "Chess.com"]
[Date "2020.11.24"]
[Round "11"]
[White "HouseOfDurin"]
[Black "MasterMK73"]
[Result "0-1"]
[WhiteElo "2115"]
[BlackElo "2257"]
[TimeControl "180+1"]
[EndTime "12:26:40 PST"]
[Termination "MasterMK73 won by checkmate"]

1. d4 d5 2. Bg5 h6 3. Bh4 c6 4. e3 Qb6 5. b3 e5 6. Bg3 exd4 7. exd4 Nf6 8. Bd3 Be7 9. Nd2 Qxd4 10.
Ngf3 Qb6 11. O-O O-O 12. c4 Be6 13. cxd5 cxd5 14. Re1 Nc6 15. a3 a5 16. Bf4 Rad8 17.
Qc2 Rc8 18. Qb2 Nd7 19. Rac1 Bf6 20. Qa2 Nc5 21. Bf1 g5 22. Bd6 Ne7 23. Be5 Bxe5 24. Nxe5 Nf5 25. Ndf3 Ne4 26. Rxc8 Rxc8 27. h4 g4 28. Nh2 g3 29. Nhg4 gxf2+ 30. Nxf2 Nfg3 31. Nd3 Rc3 32. Qb1 Rxb3 33. Qc1 Rc3 34. Qxh6 Qd8 35.
Qf4 Qf6 36. Qxf6 Nxf6 37. Nf4 Rxa3 38. Nxe6 fxe6 39. Rxe6 Kf7 40. Re1 Ra2 41. Nd3 Nge4 42. Ne5+ Ke6 43. Nf3 Kd6 44. Bd3 b6 45. h5 Kc5 46. h6 Ra3 47. Bb1 Rb3 48. Bc2 Rb2 49.
Bd3 Rb3 50. Bc2 Rb2 51. Bd3 a4 52. Bxe4 dxe4 53. Ng5 a3 54. Nxe4+ Nxe4 55. Rxe4 a2 56. Ra4 Rb1+ 57. Kh2 a1=Q 58. Rxa1 Rxa1 59. h7 Ra8 60. g4 Rh8 61. g5 Rxh7+ 62. Kg3 Rg7 63. Kg4 Kd5 64. Kf5 Kd6 65. Kf6 Rxg5 66. Kxg5 Kd5 67. Kf4 Kd4 68. Kf3 Kd3 69. Kf2 Kd2 70.
Kf3 b5 71. Ke4 b4 72. Kd4 b3 73. Kc4 b2 74. Kb3 b1=Q+ 75. Kc4 Qb6 76. Kd5 Kd3 77. Ke5 Qb5+ 78. Kf4 Kd4 79. Kf3 Qf5+ 80. Ke2 Qh3 81. Kf2 Ke4 82. Ke2 Qh2+ 83. Kd1 Kd3 84. Kc1 Qc2# 0-1

[Event "*** Titled Tuesday Blitz"]
[Site "Chess.com"]
[Date "2020.11.24"]
[Round "11"]
[White "elcandado"]
[Black "J36225"]
[Result "1-0"]
[WhiteElo "2660"]
[BlackElo "2510"]
[TimeControl "180+1"]
[EndTime "12:26:47 PST"]
[Termination "elcandado won by checkmate"]

1. d4 Nf6 2. Bf4 e6 3. e3 d5 4.
Nd2 Bd6 5. Bg3 O-O 6. Bd3 c5 7. c3 Qc7 8. dxc5 Qxc5 9. Ngf3 Nbd7 10. e4 Qc7 11. Qe2 dxe4 12. Bxe4 Nc5 13. Rd1 Ncxe4 14.
Nxe4 Nxe4 15. Qxe4 Bxg3 16. hxg3 h6 17. Ne5 b6 18. O-O Bb7 19. Qf4 Rad8 20. f3 f6 21. Ng6 Qxf4 22. Nxf4 Kf7 23. Kf2 e5 24. Ne2 Ba6 25. Rfe1 Bxe2 26. Kxe2 Ke6 27. g4 b5 28. Rd3 Rxd3 29. Kxd3 Rd8+ 30. Ke3 a6 31. Ra1 Rb8 32.
Kd3 Rd8+ 33. Kc2 g5 34. a4 e4 35. axb5 axb5 36. Re1 f5 37. gxf5+ Kxf5 38. Rxe4 h5 39. Rd4 Rb8 40. Rb4 h4 41. Kd3 Rd8+ 42. Ke2 Rd5 43.
Rd4 Re5+ 44. Kf2 Rc5 45. Ke3 Re5+ 46. Re4 Rd5 47. Rd4 Re5+ 48. Kf2 Rc5 49. Kg1 Re5 50. Kh2 Rc5 51. Kh3 Re5 52. Rb4 Rc5 53. g3 hxg3 54. Kxg3 Re5 55. Kf2 Rc5 56. Ke3 Rd5 57. Rd4 Re5+ 58.
Kd3 Rc5 59. b3 Re5 60. c4 bxc4+ 61. bxc4 Re1 62. c5 Rd1+ 63. Kc4 Rc1+ 64. Kd5 Rc2 65. c6 Rc1 66. Rc4 Rd1+ 67. Kc5 Rd8 68. c7 Rc8 69. Kc6 Ke6 70. Kb7 Rf8 71. c8=Q+ Rxc8 72. Kxc8 Kd5 73. Rg4 Ke5 74. Rxg5+ Kf4 75. Rg8 Kxf3 76.
Kd7 Ke4 77. Ke6 Kd3 78. Rf8 Kc4 79. Rf5 Kb3 80. Kd5 Kc2 81. Rf4 Kd3 82. Re4 Kd2 83. Kd4 Kc2 84. Re3 Kd2 85. Rh3 Kc2 86. Rg3 Kd2 87.
Rg2+ Kd1 88. Ke3 Ke1 89. Rg1# 1-0

[Event "*** Titled Tuesday Blitz"]
[Site "Chess.com"]
[Date "2020.11.24"]
[Round "11"]
[White "MillyNeuf"]
[Black "tan275"]
[Result "0-1"]
[WhiteElo "2345"]
[BlackElo "2203"]
[TimeControl "180+1"]
[EndTime "12:26:52 PST"]
[Termination "tan275 won by checkmate"]

1. e4 c6 2. Nc3 d5 3. Nf3 Nf6 4. e5 Ne4 5. Be2 Nxc3 6. dxc3 c5 7.
O-O Nc6 8. Bf4 g6 9. Qd2 Bg7 10.
Rfe1 O-O 11. Bh6 Bg4 12. Bxg7 Kxg7 13. h3 Bxf3 14. Bxf3 e6 15. Qf4 Qe7 16. h4 h6 17.
g3 g5 18. hxg5 Qxg5 19. Qxg5+ hxg5 20. Kg2 Rh8 21. Bg4 Rh6 22. f4 Rah8 23. Rh1 gxf4 24.
gxf4 Rg6 25. Kf3 Rxh1 26. Rxh1 d4 27. Rd1 Rh6 28. Kg3 b6 29. cxd4 Nxd4 30. c3 Nc2 31. Rd2 Ne3 32. Kf3 Nf1 33. Rf2 Nh2+ 34. Kg3 Nxg4 35.
Kxg4 Rh1 36. Rd2 Rb1 37. a3 c4 38. Kf3 Kg6 39. Ke4 b5 40. Rg2+ Kh6 41. Kd4 Rf1 42.
Ke4 Re1+ 43. Kd4 Rf1 44. Kc5 Rxf4 45. Kxb5 Re4 46. Kc5 Rxe5+ 47. Kxc4 f5 48. b4 f4 49. Kd4 Re1 50. c4 e5+ 51. Kd5 f3 52. Rf2 e4 53. c5 Re2 54. Rf1 f2 55. c6 e3 56. c7 Rc2 57. Kd6 e2 58. Rxf2 e1=Q 59. Rxc2 Qd1+ 60. Ke7 Qxc2 61. Kd8 Qd3+ 62. Kc8 Qc4 63. Kb8 Qb5+ 64. Kc8 Qa6+ 65. Kd8 Qd6+ 66. Kc8 a6 67. Kb7 Qd7 68. Kb8 Qb5+ 69. Kc8 Kg6 70. Kd8 Qd5+ 71. Kc8 Kf6 72. Kb8 Qb5+ 73. Ka7 Qc6 74.
Kb8 Qb6+ 75. Kc8 Ke6 76. Kd8 Kd6 77. Ke8 Qxc7 78. Kf8 Qe7+ 79. Kg8 Ke6 80. Kh8 Kf6 81. b5 Qg7# 0-1